 Dungeon Crawl Stone Soup version 0.30-b1-2-g02819fbbbe (webtiles) character file.

Game seed: 2223529967539260780

688664 suse60 the Conqueror (level 27, -1/199 HPs)
             Began as a Gargoyle Gladiator on Sept 23, 2023.
             Was the Champion of the Shining One.
             Killed from afar by a wretched star (34 damage)
             ... with a lance of force
             ... on level 4 of the Abyss on Oct 12, 2023.
             The game lasted 11:33:04 (78296 turns).

suse60 the Conqueror (Gargoyle Gladiator)          Turns: 78296, Time: 11:33:05

Health: -1/199     AC: 65    Str: 41    XL:     27
Magic:  15/25      EV: 16    Int: -1 (6) God:    the Shining One [******]
Gold:   5261       SH: 18    Dex: 11    Spells: 20/26 levels left

rFire   + . .        G - +9 eudemon blade (holy)
rCold   + + +        V - +5 kite shield of the Nexus {rF- rC+++ rN+ Will++ Dex-3}
rNeg    + + +        Q - +10 plate armour {rF+}
rPois   ∞            (helmet restricted)
rElec   +            c - +4 cloak of Babloq {Dex+2}
rCorr   +            K - +1 pair of gloves "Gebied" {rCorr}
SInv    .            h - +2 pair of boots
Will    ++++.        d - macabre finger necklace {Finger+ rN+} Stlth
                     u - +5 ring of evasion
HPRegen 0.53/turn    L - ring "Kiuthu" {rN+ Str+6 Int-3 Dex+3}
MPRegen 0.19/turn    M - ring "Gaf Elal" {AC+4 Str+3}

%: no passive effects
@: grasped by roots, flying, slowed, lost intelligence, glowing, constricted,
unable to read, unable to drink, very slow
A: sickness immunity, AC +20, big wings, negative energy resistance 1,
electricity resistance, torment resistance 1, petrification resistance, horns 1,
talons 1, fire resistance 1, wild magic 1, [clumsy 1], [low MP 2], [screaming
1], [inability to drink after injury 2]
}: 4/15 runes: decaying, serpentine, slimy, silver
a: Renounce Religion, Divine Shield, Cleansing Flame, Summon Divine Warrior,
Brand Weapon With Holy Wrath


You were on level 4 of the Abyss.
You worshipped the Shining One.
The Shining One was exalted by your worship.
You visited 12 branches of the dungeon, and saw 52 of its levels.
You visited the Abyss 5 times.
You also visited: Sewer, Gauntlet, Volcano and Wizlab.

You collected 8722 gold pieces.
You spent 3461 gold pieces at shops.

Inventory:

Hand Weapons
 b - the +6 morningstar of Freehold {freeze, *Corrode rN+++ Int+4}
   (You took it off a naga mage on level 2 of the Snake Pit)

   Int:       It affects your intelligence (+4).
   rN:        It renders you almost immune to negative energy.
   *Corrode:  It may corrode you when you take damage.
 G - a +9 eudemon blade of holy wrath (weapon)
Missiles
 C - 2 silver javelins (quivered)
Armour
 a - the +1 helmet of Hospitality {Str+3}
   (You found it on level 2 of the Depths)

   Str:       It affects your strength (+3).
 c - the +4 cloak of Babloq (worn) {Dex+2}
   (You found it in a Gauntlet)

   Dex:       It affects your dexterity (+2).
 h - a +2 pair of boots (worn)
 K - the +1 pair of gloves "Gebied" (worn) {rCorr}
   (You found it on level 2 of the Depths)

   rCorr:     It protects you from acid and corrosion.
 Q - a +10 plate armour of fire resistance (worn)
 V - the +5 kite shield of the Nexus (worn) {rF- rC+++ rN+ Will++ Dex-3}
   (You acquired it on level 3 of the Dungeon)

   Dex:       It affects your dexterity (-3).
   rF:        It makes you vulnerable to fire.
   rC:        It renders you almost immune to cold.
   rN:        It protects you from negative energy.
   Will:      It greatly increases your willpower.
Jewellery
 d - the macabre finger necklace (around neck) {Finger+ rN+}
   (You found it on level 1 of the Snake Pit)

   [amulet of nothing]

   Finger+:   It enables you to equip an extra ring.
   rN:        It protects you from negative energy.
 r - the amulet "Siperphad" {RegenMP +Inv rC++ rN+++ Dex-3}
   (You found it on level 5 of the Vaults)

   [amulet of magic regeneration]

   It increases your rate of magic regeneration.
   Dex:       It affects your dexterity (-3).
   rC:        It greatly protects you from cold.
   rN:        It renders you almost immune to negative energy.
   +Inv:      It lets you turn invisible.
 u - a +5 ring of evasion (left hand)
 E - the amulet "Wit Guanu" {Reflect rPois rN+ SH+5 Stlth-}
   (You took it off a black draconian on level 4 of the Depths)

   [amulet of reflection]

   It reflects blocked missile attacks.
   rPois:     It protects you from poison.
   rN:        It protects you from negative energy.
   SH:        It affects your SH (+5).
   Stlth:     It makes you less stealthy.
 L - the ring "Kiuthu" (right hand) {rN+ Str+6 Int-3 Dex+3}
   (You found it on level 3 of the Crypt)

   [ring of positive energy]

   Str:       It affects your strength (+6).
   Int:       It affects your intelligence (-3).
   Dex:       It affects your dexterity (+3).
   rN:        It protects you from negative energy.
 M - the ring "Gaf Elal" (on amulet) {AC+4 Str+3}
   (You found it on level 2 of the Depths)

   [ring of protection]

   AC:        It affects your AC (+4).
   Str:       It affects your strength (+3).
Wands
 s - a wand of flame (11)
 t - a wand of iceblast (36)
 H - a wand of digging (21)
 J - a wand of quicksilver (8)
Scrolls
 e - 6 scrolls of fear
 i - 10 scrolls of fog
 k - a scroll of silence
 q - 9 scrolls of blinking
 v - 6 scrolls of butterflies
 x - 12 scrolls of teleportation
 A - a scroll of enchant armour
 P - 6 scrolls of magic mapping
 R - 3 scrolls of poison
Potions
 f - 22 potions of curing
 g - 10 potions of mutation
 l - 2 potions of ambrosia
 m - 9 potions of haste
 n - a potion of might
 o - 2 potions of cancellation
 p - 8 potions of heal wounds
 I - 9 potions of resistance
Miscellaneous
 j - a lightning rod (4/4)


   Skills:
 O Level 27 Fighting
 + Level 23.8 Long Blades
 - Level 11.9(18.9) Maces & Flails
 - Level 12.0(18.0) Polearms
 - Level 23.1(25.1) Staves
 - Level 1.7 Throwing
 - Level 18.3 Armour
 - Level 16.0 Dodging
 - Level 15.1 Shields
 - Level 12.0 Invocations
 - Level 5.0 Evocations


You had 20 spell levels left.
You knew the following spells:

 Your Spells              Type           Power      Damage    Failure   Level
a - Mephitic Cloud        Conj/Pois/Air  0%         N/A       100%        3
b - Stone Arrow           Conj/Erth      0%         3d7       100%        3

Your spell library contained the following spells:

 Spells                   Type           Power      Damage    Failure   Level
 Apportation              Tloc           0%         N/A       98%         1
 Foxfire                  Conj/Fire      0%         2x1d4     98%         1
 Kiss of Death            Conj/Necr      0%         2d5       98%         1
 Magic Dart               Conj           0%         1d3       98%         1
 Necrotise                Necr           0%         1d4       98%         1
 Shock                    Conj/Air       0%         1d3       98%         1
 Slow                     Hex            0%         N/A       98%         1
 Sting                    Tmut/Pois      0%         1d3       98%         1
 Summon Small Mammal      Summ           0%         N/A       98%         1
 Blink                    Tloc           0%         N/A       99%         2
 Call Imp                 Summ           0%         N/A       99%         2
 Ensorcelled Hibernation  Hex/Ice        0%         N/A       99%         2
 Lesser Beckoning         Tloc           0%         N/A       99%         2
 Momentum Strike          Conj/Tloc      0%         3d8       99%         2
 Poisonous Vapours        Pois/Air       0%         N/A       99%         2
 Searing Ray              Conj           0%         2d4       99%         2
 Static Discharge         Conj/Air       0%         2-2/arc   99%         2
 Call Canine Familiar     Summ           0%         N/A       100%        3
 Confusing Touch          Hex            0%         N/A       100%        3
 Dazzling Flash           Conj/Hex       0%         N/A       100%        3
 Frozen Ramparts          Ice            0%         1d1       100%        3
 Gell's Gravitas          Tloc           0%         N/A       100%        3
 Hailstorm                Conj/Ice       0%         3d3       100%        3
 Ignite Poison            Fire/Tmut/Pois 0%         N/A       100%        3
 Inner Flame              Hex/Fire       0%         N/A       100%        3
 Ozocubu's Armour         Ice            0%         N/A       100%        3
 Portal Projectile        Hex/Tloc       0%         N/A       100%        3
 Spider Form              Tmut/Pois      0%         N/A       100%        3
 Summon Guardian Golem    Hex/Summ       0%         N/A       100%        3
 Swiftness                Air            0%         N/A       100%        3
 Tukima's Dance           Hex            0%         N/A       100%        3
 Vampiric Draining        Necr           0%         2d6       100%        3
 Vhi's Electric Charge    Tloc/Air       0%         N/A       100%        3
 Volatile Blastmotes      Fire/Tloc      0%         2d10      100%        3
 Airstrike                Air            0%         2d(0-16)  100%        4
 Anguish                  Hex/Necr       0%         N/A       100%        4
 Animate Armour           Summ/Erth      0%         N/A       100%        4
 Cause Fear               Hex            0%         N/A       100%        4
 Dispel Undead            Necr           0%         3d6       100%        4
 Flame Wave               Conj/Fire      0%         2d4       100%        4
 Fulminant Prism          Conj/Hex       0%         3d5       100%        4
 Ice Form                 Ice/Tmut       0%         N/A       100%        4
 Iskenderun's Mystic Bla  Conj/Tloc      0%         2d3       100%        4
 Leda's Liquefaction      Hex/Erth       0%         N/A       100%        4
 Manifold Assault         Tloc           0%         N/A       100%        4
 Olgreb's Toxic Radiance  Pois           0%         N/A       100%        4
 Passage of Golubria      Tloc           0%         N/A       100%        4
 Petrify                  Tmut/Erth      0%         N/A       100%        4
 Sticky Flame             Conj/Fire      0%         2d3       100%        4
 Summon Ice Beast         Ice/Summ       0%         N/A       100%        4
 Summon Lightning Spire   Summ/Air       0%         N/A       100%        4
 Alistair's Intoxication  Tmut/Pois      0%         N/A       100%        5
 Arcjolt                  Conj/Air       0%         1d10      100%        5
 Blade Hands              Tmut           0%         N/A       100%        5
 Borgnjor's Vile Clutch   Necr/Erth      0%         N/A       100%        5
 Fireball                 Conj/Fire      0%         3d3       100%        5
 Freezing Cloud           Conj/Ice/Air   0%         6-21      100%        5
 Irradiate                Conj/Tmut      0%         3d11      100%        5
 Iskenderun's Battlesphe  Conj           0%         2d6       100%        5
 Lee's Rapid Deconstruct  Erth           0%         3d4*      100%        5
 Metabolic Englaciation   Hex/Ice        0%         N/A       100%        5
 Silence                  Hex/Air        0%         N/A       100%        5
 Summon Forest            Summ/Tloc      0%         N/A       100%        5
 Summon Mana Viper        Hex/Summ       0%         N/A       100%        5
 Yara's Violent Unravell  Hex/Tmut       0%         3d3       100%        5
 Conjure Ball Lightning   Conj/Air       0%         3x3d6     100%        6
 Death Channel            Necr           0%         N/A       100%        6
 Dispersal                Tloc           0%         N/A       100%        6
 Eringya's Noxious Bog    Tmut/Pois      0%         N/A       100%        6
 Iron Shot                Conj/Erth      0%         9d1       100%        6
 Plasma Beam              Fire/Air       0%         2x1d11    100%        6
 Simulacrum               Ice/Necr       0%         N/A       100%        6
 Starburst                Conj/Fire      0%         6d3       100%        6
 Summon Cactus Giant      Summ           0%         N/A       100%        6
 Enfeeble                 Hex            0%         N/A       100%        7
 Malign Gateway           Summ/Tloc      0%         N/A       100%        7
 Orb of Destruction       Conj           0%         9d5       100%        7
 Ozocubu's Refrigeration  Ice            0%         4d7       100%        7
 Spellforged Servitor     Conj/Summ      0%         N/A       100%        7
 Storm Form               Tmut/Air       0%         N/A       100%        7
 Disjunction              Tloc           0%         N/A       100%        8
 Lehudib's Crystal Spear  Conj/Erth      0%         10d2      100%        8
 Maxwell's Capacitive Co  Air            0%         ∞         100%        8
 Necromutation            Tmut/Necr      0%         N/A       100%        8
 Fire Storm               Conj/Fire      0%         5d1       100%        9
 Shatter                  Erth           0%         3d5*      100%        9
 Sublimation of Blood     Necr           Unusable   N/A       N/A         2
 Statue Form              Tmut/Erth      Unusable   N/A       N/A         6

Dungeon Overview and Level Annotations

Branches:
Dungeon (15/15)            Temple (1/1) D:6            Lair (5/5) D:8
  Swamp (4/4) Lair:2        Snake (4/4) Lair:3        Slime (5/5) Lair:4
    Orc (2/2) D:11            Elf (3/3) Orc:2        Vaults (5/5) D:14
  Crypt (3/3) Vaults:2       Tomb (1/3) Crypt:3      Depths (4/4) D:15
    Zot (0/5) Depths:4      Sewer (visited)         Volcano (visited)
 WizLab (visited)         Gauntlet (visited)

Altars:
Ashenzari
Cheibriados
Fedhas
Gozag
Hepliaklqana
Kikubaaqudgha
Nemelex Xobeh
Qazlal
Sif Muna
Trog
Uskayaw
Vehumet
Xom
Zin
The Shining One
Jiyva

Shops:
D:3 *(   D:13 :   Orc:2 *[[(   Elf:1 *   Elf:2 :(*[?   Snake:1 [!*(
Depths:4 !

Portals:
Hell: Depths:1 Depths:2 Depths:3 Depths:4
Abyss: Vaults:1 Depths:3
Pandemonium: Depths:2
Ziggurat: Depths:4


Innate Abilities, Weirdness & Mutations

You are immune to sickness and miasma.
Your stone body is resilient. (AC +20)
You are immune to poison.
Your large and strong wings let you fly.
You resist negative energy. (rN+)
You are resistant to electric shocks. (rElec)
You are resistant to unholy torment.
You are immune to petrification.
You have a pair of small horns on your head.
You have sharp toenails.
Your flesh is heat resistant. (rF+)
Your spells are a little harder to cast, but a little more powerful.
[You are clumsy. (Dex -2)]
[Your magical capacity is very low. (-20% MP)]
[You occasionally shout uncontrollably at your foes.]
[You sometimes lose the ability to drink potions when taking damage.]


Message History

* * * LOW HITPOINT WARNING * * *
The wretched star glows turbulently.
The lance of force hits you but does no damage.
A thrashing horror comes into view.
You feel your intelligence returning.
You feel the corruption within you wane somewhat.
Your urge to scream lessens.
You feel agile.
A spatial vortex comes into view.
Activating: Cleansing Flame (1% risk of failure)
Press: ? - help, Dir - look around, f - activate The golden flame engulfs you but does no damage.
The golden flame engulfs the tentacled monstrosity!!
The tentacled monstrosity writhes in agony!
The tentacled monstrosity is heavily wounded.
The golden flame engulfs the spatial maelstrom!!
The spatial maelstrom is severely damaged.
The golden flame engulfs the starcursed mass!
You destroy the starcursed mass!
The golden flame engulfs the starspawn tentacle!!
The starspawn tentacle is almost destroyed.
The golden flame engulfs the wretched star!!!
The wretched star is heavily damaged.
The golden flame engulfs the tentacled starspawn!!!
The tentacled starspawn is heavily damaged.
The golden flame engulfs the smoke demon!!!
The smoke demon writhes in agony!
You kill the smoke demon!
The Shining One accepts your kill.
You feel better.
The golden flame engulfs the spatial vortex!!
The spatial vortex is severely damaged.
The substance of the Abyss twists violently, and a gateway leading out appears!
The thrashing horror roars!
You hear a shout!
You hear a hideous shriek!
You hear a roar!
You hear a loud, deep croak!
You block the spatial maelstrom's attack.
The spatial maelstrom barely misses you.
A thrashing horror comes into view.
A spatial vortex comes into view.
The wretched star glows turbulently.
The lance of force hits you!!
You die...

# . . # ## .
..## #### #.#..
##...###..##...#
.
.....f.w.#...X#
..*..3#*Xv..# .
# .# .#AXX§@v# .
#.X #X#v##...# ~
~~ # .##.# # #
~~~ *# # ~~ .# ~
.. . .# . ..


You could see a tentacled monstrosity, a daeva, a shambling mangrove, a
tentacled starspawn, a spatial maelstrom, 2 wretched stars, 2 spatial vortices,
2 thrashing horrors, a large abomination, a neqoxec, a starspawn tentacle and a
lurking horror.

Vanquished Creatures
  the Royal Jelly (Slime:5)
  A dread lich (Abyss:3)
  Mennas (Crypt:3)
  5 ancient liches
  Sojobo (Crypt:1)
  3 royal mummies
  Vv (Crypt:2)
  The ghost of Teduw the Impregnable, a veteran MiGl of Hepliaklqana (Crypt:2)
  Margery (Crypt:1)
  Bai Suzhen (Snake:4)
  The ghost of Ihaow the Sorcerer, a veteran DEFE of Vehumet (Depths:2)
  Saint Roka (Crypt:2)
  5 caustic shrikes (Depths:4)
  Vashnia (Snake:3)
  The ghost of Bunoc the Executioner, a veteran FoFi of Dithmenos (Crypt:2)
  The ghost of Hali the Executioner, a veteran FoFi of Dithmenos (Crypt:2)
  Nikola (Depths:2)
  6 golden dragons (Depths:4)
  14 bone dragons
  A Tzitzimitl (Crypt:3)
  3 doom hounds (Crypt:3)
  15 tentacled monstrosities
  A hellephant (Abyss:3)
  Rupert (Lair:4)
  12 liches
  4 deep elf blademasters
  A walking crystal tome (Depths:2)
  A walking earthen tome (Depths:2)
  Grunn (Crypt:3)
  6 quicksilver dragons
  5 titans
  2 walking frostbound tomes
  16 sphinxes
  4 ancient champions
  20 tentacled starspawn (Abyss:3)
  2 deep elf master archers (Elf:3)
  28 acid blobs
  3 Executioners (Abyss:3)
  Gastronok (D:11)
  The ghost of Ubraesch the Brawler, an adept TrMo of Nemelex Xobeh (Depths:2)
  7 shadow dragons
  Donald (Swamp:4)
  12 tengu reavers
  A thorn hunter (Swamp:4)
  4 storm dragons
  2 daevas
  6 revenants
  22 azure jellies
  3 draconian monks (Depths:4)
  24 rockslimes
  10 nagarajas
  4 fire giants
  2 draconian knights
  7 frost giants
  21 vault wardens
  A ghost moth (Crypt:3)
  A demonspawn warmonger (Abyss:3)
  10 deep elf sorcerers
  A curse skull (Crypt:3)
  3 balrugs
  2 orc warlords
  3 ghouls
  Aizul (Vaults:2)
  A draconian shifter (Abyss:3)
  An angel (Abyss:3)
  4 deep elf elementalists
  A spectral caustic shrike (Crypt:3)
  2 spriggan defenders (Depths:4)
  A demonspawn corrupter (Abyss:3)
  The ghost of Cown the Bludgeoner, a journeyman TrHu of Yredelemnul (D:14)
  4 war gargoyles
  A draconian annihilator (Depths:4)
  33 quicksilver oozes
  15 ironbound preservers
  A juggernaut skeleton (Abyss:3)
  48 very ugly things
  13 stone giants
  2 reapers
  6 vampire knights
  A cacodemon (Abyss:3)
  5 ironbound thunderhulks
  4 green draconians (Depths:4)
  7 eleionomae
  2 lorocyprocas (Abyss:3)
  6 red draconians (Depths:4)
  5 black draconians (Depths:4)
  11 dire elephants
  5 bunyips
  9 deep elf annihilators
  7 deep elf demonologists
  3 purple draconians (Depths:4)
  4 white draconians (Depths:4)
  A minotaur (Gauntlet)
  A spark wasp (Depths:2)
  A white draconian (shapeshifter) (Abyss:3)
  11 eidola
  A crystal guardian (Vaults:1)
  7 deep elf death magi
  A green death (Abyss:3)
  2 blizzard demons (Abyss:3)
  2 entropy weavers
  12 ettins
  A spectral quicksilver dragon (Crypt:3)
  Josephine (Lair:5)
  7 fire dragons
  7 mummy priests
  9 deep elf high priests
  8 jiangshi
  4 spectral spriggans (Crypt:3)
  3 shambling mangroves
  14 ice dragons
  16 yaktaur captains
  7 rakshasas
  9 great orbs of eyes
  A salamander tyrant (Snake:3)
  A caustic shrike simulacrum (Abyss:3)
  5 spriggan air magi
  32 vault guards
  2 Orb Guardian zombies
  Erolcha (Orc:1)
  12 hydras
  5 ogre magi
  2 juggernaut simulacra
  A hydra (shapeshifter) (Vaults:4)
  Erica (D:9)
  8 anacondas
  A peacekeeper (Vaults:4)
  7 alligators
  A radroach (shapeshifter) (D:14)
  7 boulder beetles
  8 ironbound frosthearts
  An anaconda (shapeshifter) (Vaults:5)
  17 centaur warriors
  6 two-headed ogres (Volcano)
  4 death yaks (Lair:4)
  3 death knights
  10 tengu warriors
  28 death scarabs (Tomb:1)
  7 shock serpents
  5 deep troll earth magi
  2 spectral dire elephants
  13 naga warriors
  An orc high priest (Orc:2)
  11 vampire magi
  28 dancing weapons
  7 deep troll shamans
  34 thrashing horrors (Abyss:3)
  13 hell hogs
  12 naga sharpshooters
  A spectral naga (Crypt:3)
  A titan zombie (Crypt:1)
  4 spriggan berserkers
  3 spectral storm dragons (Crypt:3)
  18 hell knights
  13 deep elf knights
  Amaemon (Lair:3)
  A storm dragon zombie (Crypt:2)
  7 sun demons
  4 soul eaters
  4 skysharks
  28 skeletal warriors
  7 shadow wraiths
  3 spatial maelstroms (Abyss:3)
  22 wretched stars
  A bunyip zombie (Crypt:1)
  A storm dragon skeleton (Crypt:3)
  7 sixfirhies
  An anaconda zombie (Crypt:1)
  A death drake (Depths:4)
  6 iron trolls
  3 spectral bunyips (Crypt:3)
  14 swamp dragons
  2 sea snakes (shapeshifter)
  4 sea snakes (Snake:4)
  6 spriggan druids
  7 bog bodies
  53 deep trolls
  5 goliath frogs
  13 flayed ghosts
  6 glowing orange brains
  A spectral anaconda (Lair:5)
  16 wizards
  2 fenstrider witch simulacra
  9 naga ritualists
  2 shadow demons (Abyss:3)
  An orange crystal statue (Crypt:2)
  20 deep elf archers
  17 ironbound convokers
  19 deep elf zephyrmancers
  A spectral hydra (Crypt:3)
  8 harpies
  An obsidian statue (Lair:5)
  17 phantasmal warriors
  A sphinx zombie (Crypt:1)
  A harpy (shapeshifter) (D:14)
  5 orc knights
  8 mana vipers
  13 necromancers
  20 lindwurms
  20 deep elf pyromancers
  An oklob plant (Lair:2)
  10 shining eyes
  A fire giant zombie (Vaults:3)
  8 orc sorcerers
  A tengu skeleton (Abyss:3)
  47 ugly things
  8 will-o-the-wisps
  2 iron dragon skeletons
  6 cyclopes
  2 centaur zombies (Abyss:3)
  A spectral centaur (Crypt:3)
  Joseph (D:7)
  A shadow dragon skeleton (Depths:2)
  8 salamanders
  46 black mambas
  27 smoke demons
  2 dire elephant zombies (Lair:5)
  An ice statue (D:14)
  11 worldbinders
  A demonic crawler (Abyss:3)
  A frost giant skeleton (Vaults:3)
  2 rust devils (Abyss:3)
  9 vault sentinels
  A titan simulacrum (Crypt:3)
  15 guardian serpents
  22 naga magi
  28 elephants
  An eye of devastation (shapeshifter) (Vaults:4)
  8 cane toads
  6 orange demons
  6 apocalypse crabs (Abyss:3)
  4 eyes of devastation
  A komodo dragon (shapeshifter) (Vaults:5)
  A cane toad (shapeshifter) (Elf:1)
  2 rime drakes
  2 dire elephant skeletons
  5 komodo dragons
  4 unseen horrors (Abyss:3)
  2 kobold demonologists
  17 yaktaurs
  A yaktaur (shapeshifter) (Vaults:5)
  4 efreet (Abyss:3)
  2 tormentors
  3 hellions
  A redback zombie (Crypt:2)
  19 freezing wraiths
  6 tengu conjurers
  2 spectral harpies (Crypt:3)
  4 ice devils
  17 ancient zymes (Abyss:3)
  An iron troll zombie (Crypt:1)
  2 red devils
  A purple draconian skeleton (Crypt:2)
  A green draconian skeleton (Crypt:1)
  8 trolls
  A queen bee (Gauntlet)
  4 bloated husks
  2 harpy zombies (Abyss:3)
  8 hellwings
  An iron troll skeleton (Crypt:2)
  5 polar bears
  3 meliai (D:14)
  A queen bee (shapeshifter) (Abyss:3)
  15 hornets
  24 blink frogs
  Grinder (D:4)
  4 tyrant leeches
  An ice dragon zombie (Crypt:2)
  A meliai (shapeshifter) (Abyss:3)
  10 guardian mummies
  54 raiju
  Prince Ribbit (D:7)
  A satyr zombie (Crypt:2)
  A polar bear (shapeshifter) (Elf:2)
  A wind drake (shapeshifter) (Abyss:3)
  A radroach zombie (Crypt:2)
  5 dream sheep (Lair:4)
  2 harpy skeletons (Abyss:3)
  An ettin zombie (Abyss:3)
  A spectral elephant (Lair:5)
  A stone giant simulacrum (Depths:2)
  34 flying skulls
  43 small abominations
  4 air elementals
  3 centaur simulacra
  An elf simulacrum (Vaults:1)
  2 culicivoras (Vaults:3)
  2 shadows
  118 slime creatures
  13 water elementals
  12 spriggans
  2 ushabtiu (Tomb:1)
  5 vampires
  2 fire elementals (Elf:1)
  13 ynoxinuls (Abyss:3)
  50 large abominations
  4 wyverns
  4 basilisks
  60 yaks
  8 wraiths
  A hog (shapeshifter) (Abyss:3)
  6 vampire mosquitoes
  5 fire bats
  9 golden eyes
  15 chaos spawn
  18 neqoxecs
  A yaktaur simulacrum (Vaults:3)
  A death yak simulacrum (Lair:5)
  4 spatial vortices (Abyss:3)
  19 swamp worms
  A harpy simulacrum (Crypt:3)
  9 wargs
  41 nagas
  2 spectral cane toads (Lair:5)
  2 acid dragons (D:13)
  A demonspawn zombie (Crypt:1)
  3 two-headed ogre zombies (WizLab)
  9 hell hounds
  11 water moccasins
  A floating eye (shapeshifter) (D:14)
  A naga skeleton (Crypt:3)
  27 orc warriors
  A sky beast (D:5)
  A cane toad skeleton (Crypt:3)
  An ice beast (shapeshifter) (Depths:2)
  17 ice beasts
  2 black bears
  4 swamp drakes
  An elephant zombie (Lair:5)
  5 ogres
  4 boggarts (D:14)
  2 wolves
  21 centaurs
  An elephant skeleton (Lair:5)
  4 kobold brigands
  3 phantoms
  A vine stalker zombie (Crypt:2)
  7 bullfrogs
  5 scorpions
  A gnoll sergeant (D:6)
  2 human skeletons
  2 earth elementals
  15 wights
  A shapeshifter zombie (Crypt:3)
  A raiju zombie (Crypt:3)
  2 elephant simulacra (Lair:5)
  6 troll zombies (WizLab)
  12 killer bees
  2 howler monkeys
  5 electric eels
  A crimson imp (Abyss:3)
  A lava snake (Depths:2)
  6 quasits
  9 iron imps (Abyss:3)
  134 starcursed masses
  8 jellies
  16 orc priests
  7 hounds
  5 sleepcaps
  A gnoll bouda (Orc:1)
  24 orc wizards
  A boggart skeleton (Crypt:3)
  5 iguanas
  A scorpion zombie (Crypt:1)
  A killer bee zombie (Crypt:1)
  2 naga zombies
  6 ogre zombies (WizLab)
  6 mummies
  18 gnolls
  8 adders
  2 shadow imps
  10 white imps
  14 ufetubi
  An iguana zombie (Crypt:1)
  6 worms
  3 dart slugs
  108 orcs
  5 bats
  9 endoplasms
  4 giant cockroaches
  7 goblins
  7 hobgoblins
  4 jackals (D:1)
  25 kobolds
  5 quokkas
  7 ball pythons
  4 frilled lizards
  A hobgoblin zombie (D:4)
  A jackal zombie (Crypt:2)
  A kobold zombie (D:4)
  2 orc zombies (D:4)
  A quokka skeleton (Crypt:3)
  6 rats
  A butterfly (D:6)
  3 lurking horrors (Abyss:3)
  2 starspawn tentacles (Abyss:3)
3116 creatures vanquished.

Vanquished Creatures (collateral kills)
  Khufu (Crypt:1)
  A juggernaut (Depths:2)
  Boris (twice) (Crypt:2 Tomb:1)
  Xtahua (Crypt:3)
  The ghost of Syrassil the Fighter, an adept HuWn of Zin (Vaults:1)
  An acid blob (Slime:5)
  A tengu reaver (Depths:2)
  A draconian monk (Depths:4)
  A ghoul (Crypt:3)
  2 very ugly things
  An orc warlord (Orc:2)
  A slime creature (D:15)
  4 mummy priests (Tomb:1)
  A hydra (Swamp:3)
  A death scarab (Tomb:1)
  A vampire mage (Crypt:3)
  A naga sharpshooter (Snake:3)
  An orc high priest (Orc:2)
  A spriggan (Depths:4)
  A goliath frog (Swamp:3)
  A spectral bunyip (Crypt:3)
  A flayed ghost (Crypt:3)
  An orc knight (Orc:2)
  A bunyip skeleton (Crypt:2)
  A phantasmal warrior (Crypt:2)
  An ugly thing (Depths:2)
  An iron dragon skeleton (Depths:2)
  A will-o-the-wisp (Swamp:3)
  A minotaur zombie (Crypt:3)
  A freezing wraith (Crypt:3)
  A hellion (Vaults:1)
  A guardian mummy (Tomb:1)
  A hornet (Depths:4)
  3 flying skulls (Crypt:2)
  2 naga simulacra (Crypt:3)
  3 wargs
  A swamp worm (Swamp:3)
  8 orc warriors
  An orc priest (Orc:2)
  A basilisk skeleton (Crypt:3)
  3 orc wizards (Orc:2)
  5 mummies (Tomb:1)
  3 gnolls (Orc:2)
  14 orcs
82 creatures vanquished.

Vanquished Creatures (others)
  A shadow dragon (Depths:4)
  A curse skull (Crypt:3)
  A caustic shrike skeleton (Abyss:3)
  A hell hog (Depths:1)
  A hell knight (Depths:1)
  A spriggan simulacrum (Abyss:3)
  A deep elf pyromancer (D:15)
  A necromancer (Abyss:3)
  A will-o-the-wisp (Abyss:3)
  A centaur zombie (Abyss:3)
  3 ancient zymes (Abyss:3)
  2 bloated husks
  2 raiju (Abyss:3)
  A slime creature (D:15)
  A neqoxec (Abyss:3)
  A harpy simulacrum (Abyss:3)
  A chaos spawn (Abyss:3)
  A swamp worm (Swamp:1)
  An orc warrior (Vaults:5)
  3 small abominations (Abyss:3)
  An iron imp (Abyss:3)
  A jelly (Abyss:3)
  An ufetubus (Abyss:3)
  4 orcs
  37 foxfires
  34 fungi
  4 lurking horrors (Abyss:3)
  36 plants
  54 spectral weapons
  52 starspawn tentacles
  29 withered plants
279 creatures vanquished.

Grand Total: 3477 creatures vanquished

Notes
Turn   | Place    | Note
-------+----------+-------------------------------------------
     0 | D:1      | suse60 the Gargoyle Gladiator began the quest for the Orb.
     0 | D:1      | Reached XP level 1. HP: 12/12 MP: 1/1
   209 | D:1      | Reached XP level 2. HP: 18/18 MP: 2/2
   579 | D:1      | Reached skill level 3 in Fighting
   584 | D:1      | Reached XP level 3. HP: 23/23 MP: 3/3
  1222 | D:2      | Reached XP level 4. HP: 28/28 MP: 4/4
  1497 | D:2      | Reached skill level 4 in Fighting
  1741 | D:3      | Reached XP level 5. HP: 30/33 MP: 5/5
  1774 | D:3      | Found Wipseon's General Store.
  1808 | D:3      | Found a glowing drain.
  1822 | Sewer    | Entered a sewer
  1927 | Sewer    | Noticed a kobold brigand
  1940 | Sewer    | Killed a kobold brigand
  1941 | Sewer    | Reached skill level 5 in Fighting
  1941 | Sewer    | Reached skill level 5 in Staves
  1941 | Sewer    | Reached XP level 6. HP: 24/40 MP: 6/6
  2597 | D:3      | Found a glowing golden altar of the Shining One.
  2602 | D:3      | Became a worshipper of the Shining One
  2632 | D:3      | Found Cuecud's Weapon Emporium.
  2641 | D:3      | Reached XP level 7. HP: 41/45 MP: 7/7
  2767 | D:3      | Identified a scroll of acquirement
  2767 | D:3      | Acquired the +5 kite shield of the Nexus {rF- rC+++ rN+
                  | Will++ Dex-3}
  3016 | D:4      | Reached skill level 6 in Fighting
  3458 | D:4      | Reached * piety under the Shining One
  3511 | D:4      | Noticed Grinder
  3517 | D:4      | Killed Grinder
  3518 | D:4      | Reached skill level 7 in Fighting
  3518 | D:4      | Reached XP level 8. HP: 51/53 MP: 8/8
  3676 | D:4      | Found a hide-covered altar of Uskayaw.
  3913 | D:5      | Entered Level 5 of the Dungeon
  4055 | D:5      | Reached skill level 8 in Fighting
  4438 | D:5      | Reached XP level 9. HP: 58/60 MP: 7/9
  4476 | D:5      | Reached skill level 9 in Fighting
  4634 | D:6      | Reached skill level 1 in Invocations
  4659 | D:6      | Found a staircase to the Ecumenical Temple.
  4664 | Temple   | Entered the Ecumenical Temple
  4693 | D:6      | Reached ** piety under the Shining One
  5120 | D:6      | Found a radiant altar of Vehumet.
  5422 | D:7      | Noticed Prince Ribbit
  5438 | D:7      | Killed Prince Ribbit
  5498 | D:7      | Found a snail-covered altar of Cheibriados.
  5512 | D:7      | Noticed Joseph
  5531 | D:7      | Reached skill level 10 in Fighting
  5535 | D:7      | Killed Joseph
  5581 | D:7      | Reached XP level 10. HP: 51/68 MP: 13/13
  5724 | D:7      | Found a bloodstained altar of Trog.
  5763 | D:7      | Found the +1 Delatra's gloves {ID++}
  5782 | D:7      | Found an opulent altar of Gozag.
  5782 | D:7      | Found a sparkling altar of Nemelex Xobeh.
  6252 | D:8      | Reached skill level 1 in Armour
  6252 | D:8      | Reached skill level 5 in Invocations
  6267 | D:8      | Reached skill level 10 in Staves
  6379 | D:8      | Found a staircase to the Lair.
  6580 | D:8      | Identified the +3 dagger of the Pyrrhic Victory {venom,
                  | rElec Str+3 Stlth+}
  6715 | D:8      | Found a glowing silver altar of Zin.
  6953 | D:9      | Reached skill level 11 in Fighting
  7137 | D:9      | Identified the +7 whip of Execution {elec, rN+++ Int+2}
  7153 | D:9      | Noticed Erica
  7156 | D:9      | Reached XP level 11. HP: 74/74 MP: 16/16
  7173 | D:9      | Killed Erica
  7174 | D:9      | Reached skill level 5 in Armour
  7481 | D:9      | Reached *** piety under the Shining One
  7743 | Lair:1   | Entered Level 1 of the Lair of Beasts
  7803 | Lair:1   | Reached skill level 12 in Fighting
  7808 | Lair:1   | Found a dark tunnel.
  7814 | Volcano  | Entered a volcano
  7848 | Volcano  | Noticed an ogre mage
  7856 | Volcano  | Found a bloodstained altar of Trog.
  7858 | Volcano  | Paralysed by an ogre mage for 4 turns
  7863 | Volcano  | Killed an ogre mage
  7872 | Volcano  | Noticed a two-headed ogre
  7874 | Volcano  | Noticed a two-headed ogre
  7878 | Volcano  | Killed a two-headed ogre
  7878 | Volcano  | Noticed a two-headed ogre
  7897 | Volcano  | Killed a two-headed ogre
  7950 | Volcano  | Noticed a hell knight
  7955 | Volcano  | Killed a two-headed ogre
  7963 | Volcano  | Noticed a two-headed ogre
  7964 | Volcano  | Killed a hell knight
  7966 | Volcano  | Noticed a two-headed ogre
  7966 | Volcano  | Noticed a two-headed ogre
  7978 | Volcano  | Killed a two-headed ogre
  7979 | Volcano  | Reached XP level 12. HP: 62/82 MP: 11/18
  7982 | Volcano  | Killed a two-headed ogre
  8007 | Volcano  | Killed a two-headed ogre
  8575 | Lair:2   | Found a gate leading to a gauntlet.
  8681 | Gauntlet | Entered a Gauntlet
  8681 | Gauntlet | Found a transporter.
  8681 | Gauntlet | Found a transporter.
  8685 | Gauntlet | Found a transporter.
  8685 | Gauntlet | Found a transporter.
  8694 | Gauntlet | Found a transporter.
  8702 | Gauntlet | Noticed a ghost crab
  8715 | Gauntlet | Found a transporter.
  8723 | Gauntlet | Noticed a cacodemon
  8725 | Gauntlet | Found a transporter.
  8726 | Gauntlet | Found a transporter.
  8789 | Gauntlet | Found a transporter.
  8797 | Gauntlet | Reached **** piety under the Shining One
  8805 | Gauntlet | Found a transporter.
  8819 | Gauntlet | Found a transporter.
  8907 | Gauntlet | Found a transporter.
  8923 | Gauntlet | Found a transporter.
  8928 | Gauntlet | Noticed a quicksilver ooze
  8944 | Gauntlet | Found a transporter.
  8953 | Gauntlet | Found a transporter.
  8956 | Gauntlet | Noticed a death yak
  8957 | Gauntlet | Noticed a death yak
  8957 | Gauntlet | Found the +9 sword of Power {lifebolt}
  8958 | Gauntlet | Noticed a death yak
  8958 | Gauntlet | Noticed a death yak
  9185 | Gauntlet | Identified the +4 cloak of Babloq {Dex+2}
  9227 | Gauntlet | Reached skill level 13 in Fighting
  9278 | Gauntlet | Identified the +5 troll leather armour "Maluxzyn" {Rampage
                  | rF+++ Regen+ Str-3 Int-5}
  9278 | Gauntlet | Noticed a minotaur
  9293 | Gauntlet | Killed a minotaur
  9652 | Lair:2   | Reached skill level 10 in Invocations
  9794 | Lair:2   | Found a staircase to the Swamp.
  9999 | Lair:2   | Found a glowing golden altar of the Shining One.
 10233 | Lair:3   | Reached XP level 13. HP: 79/89 MP: 17/20
 10242 | Lair:3   | Found a staircase to the Snake Pit.
 10242 | Lair:3   | Noticed Amaemon
 10264 | Lair:3   | Killed Amaemon
 10421 | Lair:3   | Reached skill level 14 in Fighting
 10489 | Lair:3   | Reached skill level 10 in Armour
 11404 | Lair:4   | Noticed Rupert
 11419 | Lair:4   | Killed Rupert
 11729 | Lair:4   | Identified the +1 quarterstaff of Dissent {flame, rCorr
                  | Str+2 Int+3}
 11801 | Lair:4   | Reached skill level 15 in Fighting
 11829 | Lair:4   | Gained mutation: Your large and strong wings let you fly.
                  | [Gargoyle growth]
 11829 | Lair:4   | Reached XP level 14. HP: 67/98 MP: 18/21
 11935 | Lair:4   | Reached ***** piety under the Shining One
 11955 | Lair:4   | Reached skill level 5 in Dodging
 12122 | Lair:4   | Found a viscous altar of Jiyva.
 12123 | Lair:4   | Found a staircase to the Slime Pits.
 12319 | Lair:4   | Identified the +9 halberd "Nileuw" {drain, rPois rC+++
                  | Str-5 SInv}
 12578 | Lair:5   | Entered Level 5 of the Lair of Beasts
 13740 | Lair:5   | Noticed a dire elephant
 13740 | Lair:5   | Noticed a dire elephant
 13741 | Lair:5   | Noticed a dire elephant
 13850 | Lair:5   | Noticed Josephine
 14141 | Lair:5   | Killed Josephine
 14227 | Lair:5   | Killed a dire elephant
 14399 | Lair:5   | Reached skill level 16 in Fighting
 14717 | Lair:5   | Reached skill level 15 in Staves
 14809 | Lair:5   | Killed a dire elephant
 14873 | Lair:5   | Reached ****** piety under the Shining One
 14900 | Lair:5   | Reached XP level 15. HP: 104/104 MP: 23/23
 15506 | D:10     | Entered Level 10 of the Dungeon
 16307 | D:11     | Found a staircase to the Orcish Mines.
 16341 | D:11     | Noticed Gastronok
 16391 | D:11     | Killed Gastronok
 16969 | Orc:1    | Entered Level 1 of the Orcish Mines
 17128 | Orc:2    | Entered Level 2 of the Orcish Mines
 17136 | Orc:2    | Noticed an orc warlord
 17351 | Orc:2    | Found a shimmering altar of Xom.
 17407 | Orc:1    | Noticed Erolcha
 17417 | Orc:1    | Killed Erolcha
 17731 | Orc:2    | Found a staircase to the Elven Halls.
 17841 | Orc:2    | Killed an orc warlord
 17986 | Orc:2    | Noticed an orc warlord
 18009 | Orc:2    | Killed an orc warlord
 18036 | Orc:2    | Found Ezevviet's Antique Armour Boutique.
 18041 | Orc:2    | Found Vakulor's Antique Weapon Shop.
 18315 | Orc:2    | Found Tisirug's General Store.
 18320 | Orc:2    | Bought a lightning rod (4/4) for 390 gold pieces
 18320 | Orc:2    | Bought a potion of resistance for 130 gold pieces
 18320 | Orc:2    | Bought a scroll of blinking for 97 gold pieces
 18320 | Orc:2    | Bought a scroll of fog for 52 gold pieces
 18415 | Orc:2    | Found Maqeluets's Armour Boutique.
 18639 | D:12     | Reached skill level 17 in Fighting
 19163 | D:12     | You are sucked into a shaft and drop 2 floors!
 20005 | D:14     | Found a gate to the Vaults.
 20006 | D:14     | Found a runed translucent door.
 20007 | D:14     | Noticed Cown's ghost (journeyman TrHu)
 20051 | D:14     | Reached XP level 16. HP: 87/112 MP: 20/25
 20553 | D:14     | Paralysed by a floating eye for 3 turns
 21227 | D:13     | Acquired a +2 spectral lajatang
 21373 | D:13     | Found Odghag's Tremendous Tomes.
 21422 | D:13     | Identified the +3 falchion of the Scroll {speed, rC+}
 21778 | D:14     | Killed Cown's ghost
 21814 | D:15     | Entered Level 15 of the Dungeon
 22091 | D:15     | Reached skill level 18 in Fighting
 22968 | D:15     | Learned a level 3 spell: Mephitic Cloud
 22968 | D:15     | Found a staircase to the Depths.
 23308 | Snake:1  | Entered Level 1 of the Snake Pit
 23486 | Snake:1  | Found Danav's Distillery.
 23489 | Snake:1  | Found Akahut's Weapon Emporium.
 23489 | Snake:1  | Found Hawoj's Armour Shoppe.
 23495 | Snake:1  | Found Raraduap's General Store.
 23803 | Snake:1  | Reached skill level 10 in Dodging
 23940 | Snake:1  | Bought a potion of curing for 51 gold pieces
 23940 | Snake:1  | Bought a potion of resistance for 170 gold pieces
 23940 | Snake:1  | Bought a potion of heal wounds for 85 gold pieces
 23940 | Snake:1  | Bought a potion of heal wounds for 85 gold pieces
 23940 | Snake:1  | Bought a potion of curing for 51 gold pieces
 23940 | Snake:1  | Bought 2 potions of curing for 102 gold pieces
 23946 | Snake:1  | Bought a scroll of blinking for 90 gold pieces
 23946 | Snake:1  | Bought a potion of curing for 36 gold pieces
 24319 | Snake:1  | Found the macabre finger necklace {Finger+ rN+}
 24910 | Snake:2  | Reached XP level 17. HP: 120/120 MP: 26/26
 25058 | Abyss:3  | Found a corrupted altar of Lugonu.
 25058 | Abyss:3  | Cast into level 3 of the Abyss (salamander)
 25162 | Abyss:3  | Noticed a bone dragon
 25272 | Abyss:3  | Found a corrupted altar of Lugonu.
 25310 | Abyss:3  | Reached skill level 19 in Fighting
 25325 | Abyss:3  | Paralysed by accursed screaming for 1 turns
 25685 | Abyss:3  | Noticed a bone dragon
 25700 | Abyss:3  | Killed a bone dragon
 25712 | Snake:2  | Escaped the Abyss
 26320 | Snake:2  | Identified the +6 morningstar of Freehold {freeze, *Corrode
                  | rN+++ Int+4}
 26580 | Snake:3  | Found a transporter.
 26584 | Snake:3  | Found a shimmering blue altar of Sif Muna.
 27309 | Snake:3  | Identified the +1 scale mail of the Slightly Bent {rN+
                  | Int+4}
 27502 | Snake:3  | Noticed Vashnia
 27520 | Snake:3  | Killed Vashnia
 28080 | Snake:3  | Reached XP level 18. HP: 100/129 MP: 27/27
 28132 | Snake:3  | Found a transporter.
 28147 | Snake:3  | Identified the +4 buckler of the Tanner {rPois rC+ Int-4
                  | Dex+3}
 28254 | Snake:4  | Entered Level 4 of the Snake Pit
 28365 | Snake:4  | Noticed Bai Suzhen
 28389 | Snake:4  | Killed Bai Suzhen
 28390 | Snake:4  | Reached skill level 20 in Fighting
 28700 | Snake:4  | Identified the +6 great mace of a bailey {freeze, rC+
                  | Int+5}
 29466 | Snake:4  | Got a serpentine rune of Zot
 30035 | Swamp:1  | Entered Level 1 of the Swamp
 30181 | Swamp:1  | Got the Parchment of Topology and the Maleficium
 31986 | Swamp:3  | Reached XP level 19. HP: 136/136 MP: 28/28
 32005 | Swamp:3  | Reached skill level 21 in Fighting
 32429 | Swamp:3  | Learned a level 3 spell: Stone Arrow
 32558 | Swamp:4  | Entered Level 4 of the Swamp
 32801 | Swamp:4  | Identified the +4 falchion of Kalumuk {elec, rC+ rN+ rCorr
                  | Dex-3}
 33510 | Swamp:4  | Noticed Donald
 33527 | Swamp:4  | Killed Donald
 33553 | Swamp:4  | Got a decaying rune of Zot
 33927 | Elf:1    | Entered Level 1 of the Elven Halls
 34642 | Elf:1    | Paralysed by an air elemental for 1 turns
 35147 | Elf:1    | Found Loeddey's Assorted Antiques.
 35155 | Elf:1    | Bought a transparent copper ring for 115 gold pieces
 35155 | Elf:1    | Identified the ring "Ippy" {Wiz Str+3 Dex+2} (You bought it
                  | in a shop on level 1 of the Elven Halls)
 35155 | Elf:1    | Bought a scroll of magic mapping for 172 gold pieces
 35155 | Elf:1    | Bought a potion of curing for 69 gold pieces
 35267 | Elf:2    | Found Xetux's General Store.
 35278 | Elf:2    | Bought a potion of mutation for 136 gold pieces
 35298 | Elf:2    | Found Bysiz's Magic Scroll Shoppe.
 35350 | Elf:2    | Found Okaheoh's Antique Weapon Shoppe.
 35397 | Elf:2    | Reached skill level 22 in Fighting
 35417 | Elf:2    | Found Jicydo's Armour Shoppe.
 35484 | Elf:2    | Found a runed translucent gate.
 35484 | Elf:2    | Found a runed translucent gate.
 35484 | Elf:2    | Found a runed translucent gate.
 35487 | Elf:2    | Reached XP level 20. HP: 145/145 MP: 29/29
 35534 | Elf:2    | Found Basuss's One-of-a-Kind Books.
 36403 | Vaults:1 | Entered Level 1 of the Vaults
 36669 | Vaults:1 | Found a transporter.
 36901 | Vaults:1 | Found a transporter.
 37832 | Vaults:1 | Found a one-way gate to the infinite horrors of the Abyss.
 37938 | Vaults:1 | Reached skill level 15 in Dodging
 38174 | Vaults:1 | Noticed Syrassil's ghost (adept HuWn)
 38735 | Vaults:1 | Killed Syrassil's ghost
 38810 | Vaults:1 | Identified the +11 short sword "Kinasyso" {freeze, rC+}
 38916 | Vaults:2 | Noticed Aizul
 38925 | Vaults:2 | Killed Aizul
 38987 | Vaults:2 | Reached skill level 23 in Fighting
 39276 | Vaults:2 | Reached XP level 21. HP: 106/153 MP: 30/30
 39843 | Vaults:2 | Found a staircase to the Crypt.
 39849 | Vaults:2 | Paralysed by a vampire knight for 3 turns
 41747 | Vaults:3 | Reached skill level 1 in Evocations
 43318 | Vaults:4 | Reached skill level 24 in Fighting
 43445 | Vaults:4 | Identified the +9 mace of Solemn Trial by Ordeal {drain,
                  | rC+}
 43779 | Vaults:4 | Reached XP level 22. HP: 161/161 MP: 31/31
 44512 | Crypt:1  | Entered Level 1 of the Crypt
 44588 | Crypt:1  | Noticed Margery
 44593 | Crypt:1  | Found a magical portal.
 44612 | Crypt:1  | Killed Margery
 44677 | WizLab   | Entered Zonguldrok's Shrine
 44837 | WizLab   | Reached skill level 5 in Evocations
 44877 | WizLab   | Noticed an antique lich
 44878 | WizLab   | Found the +9 sword of Zonguldrok {reap}
 44882 | WizLab   | Killed an antique lich
 45184 | Crypt:1  | Noticed a royal mummy
 45202 | Crypt:1  | Killed a royal mummy
 45232 | Crypt:1  | Noticed Sojobo
 45942 | Crypt:1  | Paralysed by an air elemental for 1 turns
 46457 | Slime:1  | Entered Level 1 of the Pits of Slime
 47430 | Slime:3  | Gained mutation: You are dopey. (Int -2) [a shining eye]
 47431 | Slime:3  | Gained mutation: You are vulnerable to cold. (rC-) [a
                  | shining eye]
 47773 | Slime:5  | Entered Level 5 of the Pits of Slime
 48327 | Crypt:1  | Reached skill level 1 in Maces & Flails
 48398 | Crypt:1  | Reached skill level 25 in Fighting
 48538 | Crypt:1  | Noticed Khufu
 48551 | Crypt:1  | Killed Khufu
 48559 | Crypt:1  | Killed Sojobo
 48560 | Crypt:1  | Reached XP level 23. HP: 109/170 MP: 26/32
 48928 | Crypt:2  | Noticed Vv
 49303 | D:3      | Bought the +6 halberd of Inquiry {holy, Str+4 Int+3} for
                  | 765 gold pieces
 49646 | Crypt:2  | Reached skill level 1 in Polearms
 49778 | Crypt:2  | Lost mutation: You are vulnerable to cold. (rC-) [potion of
                  | mutation]
 49778 | Crypt:2  | Lost mutation: You are dopey. (Int -2) [potion of mutation]
 49778 | Crypt:2  | Gained mutation: You have a pair of small horns on your
                  | head. [potion of mutation]
 49778 | Crypt:2  | Gained mutation: You have supernaturally acute eyesight.
                  | (SInv) [potion of mutation]
 49799 | Crypt:2  | Noticed Boris
 49808 | Crypt:2  | Killed Boris
 49857 | Crypt:2  | Found a transporter.
 49883 | Crypt:2  | HP: 8/170 [Vv/creeping frost (35)]
 49884 | Crypt:2  | Killed Vv
 50368 | Crypt:2  | Noticed Hali's ghost (veteran FoFi)
 50369 | Crypt:2  | Noticed Bunoc's ghost (veteran FoFi)
 50375 | Crypt:2  | Noticed Teduw's ghost (veteran MiGl)
 50380 | Crypt:2  | Identified the +5 chain mail of the Teacher {Will+ Int-3
                  | Dex+7 Slay+3}
 50385 | Crypt:2  | Noticed a royal mummy
 50400 | Crypt:2  | Found a transporter.
 50471 | Crypt:2  | Found an ancient bone altar of Kikubaaqudgha.
 50503 | Crypt:2  | Got Sinah's Incunable of Flammable Ensorcelling
 50572 | Crypt:2  | Noticed Saint Roka
 50592 | Crypt:2  | Killed Saint Roka
 50837 | Crypt:2  | Reached skill level 5 in Polearms
 50926 | Crypt:3  | Entered Level 3 of the Crypt
 50993 | Crypt:3  | Noticed Xtahua
 51002 | Crypt:3  | Noticed Mennas
 51004 | Crypt:3  | Killed Xtahua
 51007 | Crypt:3  | Noticed Grunn
 51230 | Crypt:3  | Got the Atlas of Unholy Vicissitude
 51338 | Crypt:3  | Identified the +6 broad axe "Qupnow" {freeze, Drain rElec
                  | rN+ Stlth+}
 51413 | Crypt:3  | Identified the +0 cloak "Woegee" {rN+}
 51551 | Crypt:3  | Killed Grunn
 51820 | Crypt:3  | Identified the +3 dagger of Sunlight {antimagic, Int+3}
 51843 | Crypt:3  | Identified the ring "Kiuthu" {rN+ Str+6 Int-3 Dex+3}
 51843 | Crypt:3  | Identified the ring "Hahuuruck" {rElec rN+ Int-2 Dex+2}
 52071 | Crypt:3  | Killed Mennas
 52072 | Crypt:3  | Reached skill level 26 in Fighting
 52390 | Crypt:3  | Reached XP level 24. HP: 178/178 MP: 32/32
 52548 | Crypt:3  | Found a staircase to the Tomb.
 52958 | Depths:1 | Entered Level 1 of the Depths
 53321 | Depths:1 | Reached skill level 10 in Polearms
 53762 | Depths:1 | Reached skill level 15 in Armour
 53777 | Depths:1 | Found a gateway to Hell.
 53857 | Depths:1 | Found a blossoming altar of Fedhas.
 54503 | Depths:2 | Noticed a juggernaut
 54512 | Depths:2 | Killed a juggernaut
 54513 | Depths:2 | Reached skill level 1 in Long Blades
 54693 | Depths:2 | Found a one-way gate leading to the halls of Pandemonium.
 54836 | Depths:2 | Noticed Nikola
 54851 | Depths:2 | Killed Nikola
 55118 | Depths:2 | Found a runed translucent gate.
 55118 | Depths:2 | Found a runed translucent gate.
 55118 | Depths:2 | Found a runed translucent gate.
 55119 | Depths:2 | Noticed Ihaow's ghost (veteran DEFE)
 55120 | Depths:2 | Found an ancient bone altar of Kikubaaqudgha.
 55120 | Depths:2 | Noticed an ancient lich
 55121 | Depths:2 | Noticed Ubraesch's ghost (adept TrMo)
 55217 | Depths:2 | Identified the +8 sling "Suugu" {drain, Drain +Blink rElec
                  | rN++}
 55669 | Depths:2 | Killed Ihaow's ghost
 55674 | Depths:2 | Killed an ancient lich
 55679 | Depths:2 | Killed Ubraesch's ghost
 55681 | Depths:2 | Identified the +1 pair of gloves "Gebied" {rCorr}
 55683 | Depths:2 | Identified the ring "Gaf Elal" {AC+4 Str+3}
 55701 | Depths:2 | Identified the +1 helmet of Hospitality {Str+3}
 55703 | Depths:2 | Lost mutation: You have supernaturally acute eyesight.
                  | (SInv) [potion of mutation]
 55703 | Depths:2 | Lost mutation: You have a pair of small horns on your head.
                  | [potion of mutation]
 55703 | Depths:2 | Gained mutation: Your mind is acute. (Int +4, Str/Dex -1)
                  | [potion of mutation]
 55937 | Depths:3 | Reached skill level 27 in Fighting
 55988 | Depths:3 | Reached XP level 25. HP: 187/187 MP: 32/32
 56080 | Depths:3 | Reached skill level 5 in Long Blades
 56733 | Depths:3 | Identified the +3 battleaxe of Success {protect, rPois
                  | Str+2}
 56742 | Depths:3 | Noticed an ancient lich
 56748 | Depths:3 | Killed an ancient lich
 56811 | Depths:3 | Identified the +7 short sword of Fid Mer {heavy, rPois rF+
                  | Dex+5}
 56982 | Depths:3 | You are sucked into a shaft and drop 1 floor!
 56982 | Depths:4 | Entered Level 4 of the Depths
 57665 | Depths:4 | Found a one-way gateway to a ziggurat.
 57936 | Depths:3 | Got Doitudech's Discourse on Doomed Pyromancy
 58300 | Depths:4 | Found Agoletud's Distillery.
 58305 | Depths:4 | Bought a potion of curing for 54 gold pieces
 58305 | Depths:4 | Bought a potion of curing for 54 gold pieces
 58305 | Depths:4 | Bought a potion of mutation for 144 gold pieces
 58566 | Depths:4 | Reached skill level 10 in Long Blades
 59312 | Depths:4 | Reached XP level 26. HP: 139/193 MP: 32/32
 59427 | Depths:4 | Identified the amulet "Wit Guanu" {Reflect rPois rN+ SH+5
                  | Stlth-}
 59483 | Depths:4 | Identified the ring "Zepoz" {Will+ Int+3 SInv}
 59848 | Depths:4 | Found a gate to the Realm of Zot.
 60709 | Slime:3  | Gained mutation: [You are clumsy. (Dex -2)] [a shining eye]
 60712 | Slime:3  | Lost mutation: Your mind is acute. (Int +4, Str/Dex -1)
                  | [potion of mutation]
 60712 | Slime:3  | Lost mutation: [You are clumsy. (Dex -2)] [potion of
                  | mutation]
 60712 | Slime:3  | Gained mutation: You have sharp toenails. [potion of
                  | mutation]
 60732 | Slime:3  | Gained mutation: You are frail. (-10% HP) [a shining eye]
 60734 | Slime:3  | Gained mutation: Your body sometimes deteriorates upon
                  | taking damage. [a shining eye]
 60736 | Slime:3  | Gained mutation: Armour fits poorly on your strangely
                  | shaped body. [a shining eye]
 60738 | Slime:3  | Gained mutation: You have hidden genetic defects. [a
                  | shining eye]
 60740 | Slime:3  | Gained mutation: You are very frail. (-20% HP) [a shining
                  | eye]
 60742 | Slime:3  | Lost mutation: You have sharp toenails. [potion of
                  | mutation]
 60742 | Slime:3  | Lost mutation: Your body sometimes deteriorates upon taking
                  | damage. [potion of mutation]
 60742 | Slime:3  | Lost mutation: You have hidden genetic defects. [potion of
                  | mutation]
 60742 | Slime:3  | Gained mutation: You occasionally lose the ability to read
                  | scrolls when taking damage. [potion of mutation]
 60742 | Slime:3  | Gained mutation: Your mind is acute. (Int +4, Str/Dex -1)
                  | [potion of mutation]
 60743 | Slime:3  | Lost mutation: You are very frail. (-20% HP) [potion of
                  | mutation]
 60743 | Slime:3  | Lost mutation: Armour fits poorly on your strangely shaped
                  | body. [potion of mutation]
 60743 | Slime:3  | Lost mutation: You occasionally lose the ability to read
                  | scrolls when taking damage. [potion of mutation]
 60743 | Slime:3  | Gained mutation: Your mind is very acute. (Int +8, Str/Dex
                  | -2) [potion of mutation]
 60743 | Slime:3  | Gained mutation: You have large cloven feet. [potion of
                  | mutation]
 60744 | Slime:3  | Lost mutation: Your mind is very acute. (Int +8, Str/Dex
                  | -2) [potion of mutation]
 60744 | Slime:3  | Lost mutation: You have large cloven feet. [potion of
                  | mutation]
 60744 | Slime:3  | Lost mutation: You are frail. (-10% HP) [potion of
                  | mutation]
 60744 | Slime:3  | Gained mutation: You are agile. (Dex +4, Str/Int -1)
                  | [potion of mutation]
 60744 | Slime:3  | Gained mutation: Your flesh is heat resistant. (rF+)
                  | [potion of mutation]
 62112 | Slime:5  | Gained mutation: You are weak. (Str -2) [a shining eye]
 62121 | Slime:5  | Gained mutation: Your body sometimes deteriorates upon
                  | taking damage. [a shining eye]
 62144 | Slime:5  | Lost mutation: You are agile. (Dex +4, Str/Int -1) [potion
                  | of mutation]
 62144 | Slime:5  | Lost mutation: Your flesh is heat resistant. (rF+) [potion
                  | of mutation]
 62144 | Slime:5  | Lost mutation: You are weak. (Str -2) [potion of mutation]
 62144 | Slime:5  | Gained mutation: Your flesh is heat resistant. (rF+)
                  | [potion of mutation]
 62144 | Slime:5  | Gained mutation: You have sharp toenails. [potion of
                  | mutation]
 62420 | Slime:5  | Reached skill level 5 in Maces & Flails
 62679 | Slime:5  | Gained mutation: You sometimes lose your temper in combat.
                  | [a shining eye]
 62680 | Slime:5  | Gained mutation: Your flesh is cold resistant. (rC+) [a
                  | shining eye]
 62685 | Slime:5  | Lost mutation: Your flesh is heat resistant. (rF+) [potion
                  | of mutation]
 62685 | Slime:5  | Lost mutation: Your flesh is cold resistant. (rC+) [potion
                  | of mutation]
 62685 | Slime:5  | Lost mutation: You sometimes lose your temper in combat.
                  | [potion of mutation]
 62685 | Slime:5  | Gained mutation: You are somewhat resistant to further
                  | mutation. [potion of mutation]
 62776 | Slime:5  | Noticed the Royal Jelly
 64362 | Slime:5  | Identified the +14 tower shield of Gravitas {Drain rF+
                  | Int+4 Stlth+}
 64541 | Slime:5  | Found a viscous altar of Jiyva.
 64586 | Slime:5  | Killed the Royal Jelly
 65010 | Slime:5  | Identified the +4 plate armour of the Desolation of Salt
                  | {rC+}
 65024 | Slime:5  | Identified the +4 scale mail of Sunlight {*Corrode MP+9
                  | Str+4 Int+3}
 65025 | Slime:5  | Identified the +2 robe "Managub" {Int+4}
 65053 | Slime:5  | Identified the +3 dagger of the Ten Demons {flame, *Rage
                  | rCorr MP+9 Int+3}
 65069 | Slime:5  | Identified the +1 morningstar of Wounding {freeze, Dex+4}
 65074 | Slime:5  | Got a slimy rune of Zot
 65107 | Slime:5  | Identified the +0 halberd "Cusop" {heavy, rPois Dex+3}
 65128 | Slime:5  | Identified the +5 dagger of the Twisting Visionary
                  | {protect, Int+3}
 65933 | Elf:3    | Entered Level 3 of the Elven Halls
 65970 | Elf:3    | Reached skill level 1 in Shields
 67281 | Elf:3    | Reached skill level 5 in Shields
 67799 | Elf:3    | Identified the ring "Bycs" {rPois Str+3 SInv}
 67859 | Elf:3    | Identified the +0 scale mail "Sunuplud" {rCorr Int+4 Dex-2
                  | Stlth+}
 67866 | Elf:3    | Got the Tome of Conduction
 67867 | Elf:3    | Identified the ring "Qavorypt" {Ice Will+ Str+3 Dex+2
                  | Stlth+}
 67880 | Elf:3    | Identified the +0 chain mail of Courage {Regen+ Str+3
                  | Dex+4}
 67913 | Elf:3    | Got the Vellum of Direction and Poison
 67923 | Elf:3    | Got the Directory of Immolation and Fulmination
 68049 | Elf:2    | Bought a scroll of fog for 68 gold pieces
 68049 | Elf:2    | Bought a potion of curing for 51 gold pieces
 68074 | Elf:2    | Bought a glowing triple sword for 494 gold pieces
 68399 | Vaults:5 | Entered Level 5 of the Vaults
 68606 | Crypt:2  | Killed Bunoc's ghost
 68620 | Crypt:2  | Killed a royal mummy
 68648 | Crypt:2  | Killed Teduw's ghost
 68666 | Crypt:2  | Killed Hali's ghost
 68667 | Crypt:2  | Reached skill level 10 in Shields
 68689 | Crypt:2  | Reached skill level 10 in Maces & Flails
 68722 | Crypt:2  | Reached XP level 27. HP: 176/199 MP: 14/32
 68895 | Tomb:1   | Entered Level 1 of the Tomb of the Ancients
 69447 | Tomb:1   | Noticed a royal mummy
 69464 | Tomb:1   | Killed a royal mummy
 69608 | Tomb:1   | Noticed Boris
 69619 | Tomb:1   | Killed Boris
 70973 | Vaults:4 | Reached skill level 15 in Shields
 71248 | Vaults:4 | Reached skill level 15 in Long Blades
 72056 | Vaults:5 | Noticed an ancient lich
 72075 | Vaults:5 | Killed an ancient lich
 72422 | Vaults:5 | Noticed an ancient lich
 72437 | Vaults:5 | Killed an ancient lich
 72557 | Vaults:5 | Identified the ring of the Griffon {rC+ Will- Str+3 SInv}
 72708 | Vaults:5 | Identified the +6 rapier of Causality {heavy, Dex+3}
 72708 | Vaults:5 | Identified the +0 robe of Oroox {+Inv Str+2 Slay-2
                  | Archmagi}
 72828 | Vaults:5 | Got a silver rune of Zot
 73131 | Vaults:5 | Identified the amulet "Siperphad" {RegenMP +Inv rC++ rN+++
                  | Dex-3}
 73150 | Vaults:5 | Got Sif Muna's Guide on Mud
 73521 | Vaults:1 | Voluntarily entered the Abyss.
 73544 | Abyss:3  | Noticed a dread lich
 73553 | Abyss:3  | Killed a dread lich
 74053 | Vaults:1 | Escaped the Abyss
 74267 | Vaults:1 | Voluntarily entered the Abyss.
 74444 | Abyss:3  | Found a corrupted altar of Lugonu.
 74745 | Abyss:3  | Found a corrupted altar of Lugonu.
 75031 | Abyss:3  | Found a corrupted altar of Lugonu.
 76104 | Abyss:3  | Paralysed by accursed screaming for 1 turns
 76111 | Abyss:3  | Paralysed by accursed screaming for 1 turns
 76119 | Abyss:3  | Paralysed by accursed screaming for 1 turns
 76862 | Abyss:3  | Paralysed by accursed screaming for 2 turns
 76887 | Abyss:3  | Paralysed by accursed screaming for 1 turns
 76986 | Abyss:3  | Paralysed by accursed screaming for 2 turns
 76996 | Abyss:3  | Paralysed by accursed screaming for 2 turns
 77006 | Abyss:3  | Paralysed by accursed screaming for 2 turns
 77052 | Abyss:3  | Paralysed by accursed screaming for 1 turns
 77069 | Vaults:1 | Escaped the Abyss
 77306 | Vaults:1 | Voluntarily entered the Abyss.
 77549 | Abyss:3  | Gained mutation: You sometimes lose your temper in combat.
                  | [a neqoxec]
 77556 | Abyss:3  | Lost intelligence.
 77557 | Abyss:3  | Lost mutation: Your mind is acute. (Int +4, Str/Dex -1) [a
                  | neqoxec]
 77579 | Abyss:3  | Found a blossoming altar of Fedhas.
 77616 | Abyss:3  | Gained mutation: Your flesh is heat resistant. (rF+) [a
                  | neqoxec]
 77729 | Abyss:3  | Lost mutation: You are somewhat resistant to further
                  | mutation. [potion of mutation]
 77729 | Abyss:3  | Lost mutation: Your body sometimes deteriorates upon taking
                  | damage. [potion of mutation]
 77729 | Abyss:3  | Lost mutation: You sometimes lose your temper in combat.
                  | [potion of mutation]
 77729 | Abyss:3  | Gained mutation: You have a pair of small horns on your
                  | head. [potion of mutation]
 77729 | Abyss:3  | Gained mutation: Your spells are a little harder to cast,
                  | but a little more powerful. [potion of mutation]
 77752 | Abyss:3  | Found a blossoming altar of Fedhas.
 77808 | Abyss:3  | Paralysed by accursed screaming for 1 turns
 77811 | Vaults:1 | Escaped the Abyss
 77896 | Vaults:1 | Voluntarily entered the Abyss.
 77905 | Abyss:3  | Found a corrupted altar of Lugonu.
 77972 | Abyss:3  | Found a corrupted altar of Lugonu.
 78296 | Abyss:4  | Killed from afar by a wretched star

Illustrated notes

Levels and vault maps discovered:
D:1:      nicolae_arrival_memento_mori, layout_basic
D:2:      layout_basic
D:3:      layout_basic, lemuel_doored_altar, cheibrodos_sewer_entry_bend,
          serial_shops, nicolae_shop_advertising_works
          [nicolae_subvault_shop_adworks], nicolae_shop_bloodbath_and_beyond,
          minmay_misc_feat_hallway
D:4:      layout_loops_corners, marbit_many_paths, minmay_mini_ossuary,
          uniq_grinder
D:5:      layout_rooms, minmay_fractal_squares_gapless_5
D:6:      layout_basic, nicolae_overflow_crystal_walls,
          minmay_temple_entry_butterflies
D:7:      layout_loops_ring, grunt_temple_overflow_opulence, trog_book,
          minmay_ruined_shrine, uniq_prince_ribbit1, uniq_joseph
D:8:      layout_rooms, lemuel_tele_altar, hellmonk_lair_entry_icy,
          amcnicky_mini_pool_medium
D:9:      layout_basic, minmay_misc_feat_four_crosses, uniq_erica
D:10:     layout_long_grid
D:11:     layout_cave_pods, minmay_orc_entry_guard_dogs, uniq_gastronok
D:12:     layout_irregular_city
D:13:     kennysheep_demon_hangout, layout_basic, minivault_27,
          nicolae_shop_i_like_big_books
D:14:     minmay_twisted_water, layout_small_grid, david_vaults_2,
          chequers_garden, gammafunk_ghost_grave
D:15:     grunt_enter_depths_snipers, layout_basic
Temple:   hellmonk_temple_of_storms
Lair:1:   layout_roguey, enter_volcano_3, eino_small_chamber_without_monster,
          lemuel_fruit_tree, lemuel_fruit_fields
Lair:2:   layout_big_grid, skrybe_swamp_entry_bodies, gauntlet_entry_generic,
          lemuel_centaur_altar
Lair:3:   layout_roguey, minmay_snake_entry_six_corridors, uniq_amaemon
Lair:4:   layout_regular_city, nicolae_slime_entry_slimehenge,
          beast_lair_carwin_6, uniq_rupert
Lair:5:   due_jungle_book, layout_concentric_octagons, grunt_megastairs_4,
          uniq_josephine
Swamp:1:  layout_basic_swamp, serial_swamp_ruin, evilmike_swamp_ruin_house_4,
          evilmike_swamp_ruin_house_1, evilmike_swamp_ruin_rubble_1
Swamp:2:  layout_basic_swamp, evilmike_swamp_ruin_rubble_2,
          infiniplex_staircase_pool
Swamp:3:  layout_falls_marsh, evilmike_swamp_ruin_house_5,
          infiniplex_staircase_pool_2
Swamp:4:  swamp_alternative, layout_basic_swamp, swamp_pool1, uniq_donald
Snake:1:  layout_chambers, drop_trap, minmay_shoptagon, nicolae_triple_integral
Snake:2:  layout_misc_corridors
Snake:3:  gammafunk_sealed_library, layout_grid_maze, uniq_vashnia
Snake:4:  grunt_snake_rune_pools, layout_onion, uniq_bai_suzhen
Slime:1:  layout_caves
Slime:2:  layout_caves
Slime:3:  layout_caves
Slime:4:  layout_caves
Slime:5
Orc:1:    layout_caves, uniq_erolcha
Orc:2:    grunt_orc_community_town_hall, layout_caves,
          grunt_orc_community_big_house_1, grunt_orc_community_big_house_2,
          grunt_orc_community_house_2, grunt_orc_community_house_3,
          grunt_orc_community_house_2, grunt_orc_community_house_1, basic_altar,
          mines2_lemuel
Elf:1:    layout_geoelf_grid, serial_shops, nicolae_shop_statue_plus,
          minivault_28
Elf:2:    elven_hall_of_blades_hangedman_original
          [nicolae_blade_entry_area_security], layout_geoelf_grid, serial_shops,
          nicolae_shop_hallway_plus, nicolae_shop_tiny_glass,
          nicolae_square_shop, nicolae_stop_n_shop_2, nicolae_rare_books
Elf:3:    minmay_elf_hall_furrowed, layout_geoelf_castle, st_stairs_6
Vaults:1: gammafunk_ghost_abyssal_escape, nicolae_vaults_shrinking_rooms_1,
          hangedman_vaults_nodes, ontoclasm_vaults_shuriken,
          vaults_room_corners, v_rooms_3, nicolae_vaults_border_crossing,
          nicolae_vaults_ring_of_whatevers, v_misc_12, vaults_mumra_chevron,
          nicolae_vaults_diamond_2, serial_ice_b, layout_vaults_omnibox
Vaults:2: v_alt_pattern_1, hangedman_vaults_river_flow, v_misc_4,
          minmay_crypt_entry_simple_round, nicolae_vaults_cornered_office,
          grunt_vaults_diagonal, nicolae_vaults_tetromino_T_1,
          layout_vaults_chaotic_city, uniq_zenata, uniq_aizul
Vaults:3: vaults_room_pools, v_misc_13, nicolae_vaults_sealed_display,
          vaults_mumra_hex, vaults_room_door_ring, nicolae_vaults_diamond_1,
          nicolae_vaults_c_with_doors, ontoclasm_vaults_tryst,
          nicolae_vaults_diamond_2, v_misc_28, nicolae_vaults_more_shelving_1,
          dpeg_vaults_monster_row, v_alt_pattern_6, layout_vaults_maze_bifur
Vaults:4: nicolae_vaults_lightning_bolt, nicolae_vaults_closet_pinwheel_1,
          v_misc_12, nicolae_vaults_closet_pinwheel_1,
          nicolae_vaults_circle_grid_a, vaults_room_hallway, vaults_room_pools,
          nicolae_vaults_house_1, layout_vaults_omnicross
Vaults:5
Crypt:1:  ragdoll_tomb_raider, layout_misc_corridors, mu_enter_wizlab_3,
          uniq_sojobo, uniq_margery
Crypt:2:  layout_misc_corridors, nzn_ghost_randoct, basic_altar,
          nicolae_elevator_lobby_asterisk, uniq_saint_roka, uniq_boris, uniq_vv
Crypt:3:  due_elkab, layout_chaotic_city, uniq_xtahua, uniq_mennas, uniq_grunn
Tomb:1
Depths:1: layout_long_grid, corexii_leaking_fountain, hellmouth_2,
          fedhas_altar_3
Depths:2: minmay_octo_star, layout_gridlike, rand_demon_pan_entry_7, hell_entry,
          gammafunk_ghost_crypt, serial_aquarium, aquarium_bridge_square
          [aquarium_subvault_window, aquarium_subvault_bridge,
          aquarium_subvault_window, aquarium_subvault_wall],
          aquarium_window_fake, aquarium_window_2, aquarium_window_corner,
          aquarium_view_2b, uniq_nikola
Depths:3: minmay_tri_stars, layout_honeycomb, abyss_entry, hell_entry,
          grunt_megastairs_5
Depths:4: lemuel_castle_with_subvaults [lemuel_castle_interior_carwin_2],
          layout_basic, enter_ziggurat_e, serial_shops, shop,
          nicolae_eternal_life, hell_entry
Abyss:4:  base: D:13, minivault_1, grunt_abyss_rune_forest_and_sorcery,
          evilmike_abyss_exit_kraken,
          evilmike_nicolae_abyss_rune_betentacled_crabyss,
          evilmike_nicolae_abyss_rune_betentacled_crabyss

Skill      XL: |  1  2  3  4  5  6  7  8  9 10 11 12 13 14 15 16 17 18 19 20 21 22 23 24 25 26 27 |
---------------+----------------------------------------------------------------------------------+-----
Fighting       | 3 4 5 7 8 10 11 12 13 15 16 17 18 19 20 22 23 24 25 26 27 | 27.0
Staves         | 4 5 7 8 9 10 11 12 14 15 16 17 18 19 20 21 22 23 | 23.1
Invocations    | 4 6 8 10 11 12 | 12.0
Armour         | 4 7 9 10 12 14 16 18 | 18.3
Dodging        | 4 6 8 10 11 13 14 15 16 | 16.0
Evocations     | 3 5 |  5.0
Maces & Flails | 2 3 10 11 | 11.9
Polearms       | 9 12 | 12.0
Long Blades    | 4 11 13 23 | 23.8
Shields        | 10 15 | 15.1
Throwing       | |  1.7

Action                     |  1- 3 |  4- 6 |  7- 9 | 10-12 | 13-15 | 16-18 | 19-21 | 22-24 | 25-27 || total
---------------------------+-------+-------+-------+-------+-------+-------+-------+-------+-------++-------
  Melee: Quarterstaff      |   119 |   138 |   285 |   379 |  1187 |   111 |       |   243 |       ||  2462
         Whip              |       |       |       |     2 |    14 |       |       |   221 |    20 ||   257
         Punch             |       |       |       |     1 |       |       |       |       |       ||     1
         Unarmed           |       |       |       |       |     5 |       |       |       |       ||     5
         Lajatang          |       |       |       |       |       |   850 |   956 |   253 |       ||  2059
         Glaive            |       |       |       |       |       |    16 |    47 |       |       ||    63
         Halberd           |       |       |       |       |       |       |       |  1013 |   893 ||  1906
         Headbutt          |       |       |       |       |       |       |       |   333 |    70 ||   403
         Morningstar       |       |       |       |       |       |       |       |       |  1373 ||  1373
         Eudemon blade     |       |       |       |       |       |       |       |       |  2666 ||  2666
  Throw: Throwing net      |       |     4 |     1 |     4 |     1 |       |       |       |       ||    10
         Javelin           |       |       |     4 |     2 |    15 |     4 |     2 |     2 |     5 ||    34
 Invoke: Divine Shield     |       |       |       |     4 |       |     8 |     7 |     6 |    18 ||    43
         Summon Divine War |       |       |       |       |     3 |     2 |     4 |    11 |     7 ||    27
         Cleansing Flame   |       |       |       |       |       |       |     1 |    14 |    35 ||    50
  Evoke: Wand              |       |       |       |    31 |    12 |     1 |     3 |     8 |    28 ||    83
         Lightning rod     |       |       |       |       |       |       |       |     2 |       ||     2
    Use: Scroll            |     6 |     4 |     8 |     9 |    14 |     7 |     7 |    17 |    13 ||    85
         Potion            |       |       |     2 |     5 |     3 |     3 |     2 |    20 |    15 ||    50
   Stab: Held in net/web   |       |     1 |       |       |       |       |       |       |       ||     1
 Armour: Leather armour    |    46 |    59 |       |       |       |       |       |       |       ||   105
         Ring mail         |       |     6 |    61 |       |       |       |       |       |       ||    67
         Scale mail        |       |       |    30 |     1 |       |       |       |       |       ||    31
         Chain mail        |       |       |       |   145 |   534 |   615 |   574 |       |       ||  1868
         Skin              |       |       |       |       |     1 |       |       |       |       ||     1
         Plate armour      |       |       |       |       |       |       |    42 |   982 |  2776 ||  3800
  Dodge: Dodged            |    92 |    81 |   106 |   103 |   419 |   544 |   552 |   993 |  3026 ||  5916
  Block: Other             |       |       |       |    15 |       |    40 |    51 |    78 |    70 ||   254
         Kite shield       |       |       |       |       |    13 |       |       |   123 |  3587 ||  3723
         Reflection        |       |       |       |       |       |       |     3 |       |    15 ||    18
